 Dungeon Crawl Stone Soup version 0.29.0-3-gbb0933ed62 (webtiles) character file.

Game seed: 7949318612865608699

4 Arcadio the Firebug (level 1, -1/13 HPs)
             Began as a Human Fire Elementalist on Aug 25, 2022.
             Slain by a jackal (2 damage)
             ... on level 1 of the Dungeon.
             The game lasted 00:04:20 (115 turns).

Arcadio the Firebug (Human Fire Elementalist)        Turns: 115, Time: 00:04:21

Health: -1/13      AC:  2    Str:  8    XL:     1   Next: 77%
Magic:  2/3        EV: 12    Int: 15    God:
Gold:   9          SH:  0    Dex: 13    Spells: 3/4 levels left

rFire   . . .      SeeInvis .   d - +0 whip
rCold   . . .      Faith    .   (no shield)
rNeg    . . .      Spirit   .   a - +0 robe
rPois   .          Reflect  .   (no helmet)
rElec   .          Harm     .   (no cloak)
rCorr   .          Rampage  .   (no gloves)
Will    .....                   (no boots)
Stlth   ++........              (no amulet)
HPRegen 0.04/turn               (no ring)
MPRegen 0.08/turn               (no ring)

@: no status effects
A: no striking features
a: no special abilities


You were on level 1 of the Dungeon.
You visited 1 branch of the dungeon, and saw 1 of its levels.

You collected 9 gold pieces.

Inventory:

Hand Weapons
 d - a +0 whip (weapon)
Armour
 a - a +0 robe (worn)
Potions
 b - a potion of magic
 c - a potion of lignification {unknown}


   Skills:
 + Level 2.1 Dodging
 + Level 2.1 Stealth
 + Level 2.0 Spellcasting
 - Level 1.0 Conjurations
 + Level 3.1 Fire Magic


You had 3 spell levels left.
You knew the following spells:

 Your Spells              Type           Power      Damage    Failure   Level
a - Foxfire               Conj/Fire      28%        2x1d5     10%         1

Your spell library contained the following spells:

 Spells                   Type           Power      Damage    Failure   Level
 Scorch                   Fire           20%        2d6       10%         2
 Conjure Flame            Conj/Fire      7%         6-21      28%         3
 Inner Flame              Hex/Fire       6%         N/A       34%         3
 Flame Wave               Conj/Fire      7%         2d5       67%         4


Dungeon Overview and Level Annotations

Branches:
Dungeon (1/15) Zot: 5883

Altars:


Message History

The jackal barks!
The endoplasm barely misses you.
The jackal barks!
You hit the rat.
You kill the rat!
The bat closely misses you.
The endoplasm hits you but does no damage.
The frilled lizard bites you. The endoplasm barely misses you.
The bat hits you.
You barely miss the frilled lizard. The bat hits you but does no damage.
The frilled lizard closely misses you. The endoplasm barely misses you.
The frilled lizard bites you. The endoplasm freezes you.
You are frozen.
The bat barely misses you.
You barely miss the frilled lizard. The jackal barely misses you.
The jackal bites you but does no damage.
The endoplasm freezes you.
You are frozen.
* * * LOW HITPOINT WARNING * * *
The frilled lizard closely misses you.
The frilled lizard attacks as you move away!
The frilled lizard closely misses you.
The frilled lizard bites you but does no damage.
Casting: Foxfire (safe; 10% risk of failure)
Confirm with . or Enter, or press ? or * to list all spells.
You don't know that spell.
Casting: Foxfire (safe; 10% risk of failure)
Confirm with . or Enter, or press ? or * to list all spells.
You conjure some foxfire!
The foxfire hits the jackal but does no damage.
The foxfire hits the jackal.
The jackal is moderately wounded.
The frilled lizard closely misses you. The jackal attacks as you move away!
The jackal barely misses you. The jackal attacks as you move away!
The jackal barely misses you. The jackal attacks as you move away!
The jackal bites you.
* * * LOW HITPOINT WARNING * * *
The jackal attacks as you move away! The jackal closely misses you.
The bat hits you but does no damage. The jackal bites you.
You die...

...>........................
###...............†#.......
......#............###..#######
...............................
.....#b#.#.†.....#.###.†#######
#...#$#................######
#)..#...........#.........
#...#[#..l.hb.#........######
#..#.#.#..Jh@.#....##..####
#............................
####...............###.##....
.........#...........# ...
.....##.#.#.###.#.###.# ..
#####.#..........#.###.######
#.#..#.#.###.#..........# #..
#.# #.#....<.....# #..........#


You could see an endoplasm, 2 jackals, a bat and a frilled lizard.

Vanquished Creatures
  A ball python (D:1)
  A goblin (D:1)
  A kobold (D:1)
  3 rats (D:1)
6 creatures vanquished.

Vanquished Creatures (others)
  6 foxfires (D:1)
6 creatures vanquished.

Grand Total: 12 creatures vanquished

Notes
Turn   | Place    | Note
-------+----------+-------------------------------------------
     0 | D:1      | Arcadio the Human Fire Elementalist began the quest for the
                  | Orb.
     0 | D:1      | Reached XP level 1. HP: 13/13 MP: 3/3
   115 | D:1      | Slain by a jackal

Illustrated notes

Levels and vault maps discovered:
D:1:      wander_arrival_peaceful_grave, layout_basic, minmay_tiny_reverse_x

Action                   || total
-------------------------++-------
Melee: Whip              ||     6
 Cast: Foxfire           ||     4
 Stab: Sleeping          ||     1
Armor: Robe              ||     9
Dodge: Dodged            ||    14
